 Dungeon Crawl Stone Soup version 0.28.0-53-g5a82cb258f (webtiles) character file.

Game seed: 11741079419370196202

1290 beenburned the Basher (level 8, 0/63 HPs)
             Began as a Grey Draconian Delver on June 12, 2022.
             Was a Believer of Wu Jian.
             Succumbed to a kobold brigand's poison
             ... on level 6 of the Dungeon.
             The game lasted 00:20:54 (6243 turns).

beenburned the Basher (Grey Draconian Delver)       Turns: 6243, Time: 00:20:55

Health: 0/63       AC: 13    Str: 18    XL:     8   Next: 30%
Magic:  17/17      EV: 14    Int: 10    God:    Wu Jian [**....]
Gold:   158        SH:  0    Dex: 15    Spells: 7/7 levels left

rFire   + + +      SeeInvis .   a - +1 mace
rCold   . . .      Faith    .   (no shield)
rNeg    . . .      Spirit   +   (armour unavailable)
rPois   .          Reflect  .   (helmet restricted)
rElec   .          Harm     .   e - +0 cloak of Generosity {+Inv rF++ MP+9 Dex-3}
rCorr   .          Rampage  .   (no gloves)
Will    ++...                   o - +0 pair of boots
Stlth   +++.......              c - amulet of guardian spirit
HPRegen 0.20/turn               h - ring of willpower
MPRegen 0.15/turn               i - +6 ring of dexterity

@: lethally poisoned (0 -> -6)
A: AC +11, amphibious, unfitting armour, cold-blooded, horns 1, fire resistance
1, strong-willed 1, subdued magic 1
a: Renounce Religion, Evoke Invisibility, Wall Jump


You were on level 6 of the Dungeon.
You worshipped Wu Jian.
Wu Jian was pleased with you.
You visited 1 branch of the dungeon, and saw 6 of its levels.

You collected 158 gold pieces.

Inventory:

Hand Weapons
 a - a +1 mace (weapon)
Missiles
 k - 9 poisoned darts (quivered)
Armour
 e - the +0 cloak of Generosity (worn) {+Inv rF++ MP+9 Dex-3}
   (You found it on level 5 of the Dungeon)

   Dex:       It affects your dexterity (-3).
   rF:        It greatly protects you from fire.
   MP:        It affects your magic capacity (+9).
   +Inv:      It lets you turn invisible.
 o - a +0 pair of boots (worn)
Jewellery
 b - a ring of ice
 c - an amulet of guardian spirit (around neck)
 h - a ring of willpower (left hand)
 i - a +6 ring of dexterity (right hand)
Wands
 f - a wand of digging (13)
 r - a wand of polymorph (3)
 s - a wand of iceblast (6)
Scrolls
 d - a scroll of teleportation
 j - a scroll of torment
 l - 2 scrolls of enchant weapon
 p - a scroll of magic mapping
 u - 2 scrolls of identify
 v - a scroll of fog
Potions
 g - a potion of brilliance
 m - a potion of lignification
 t - a potion of flight {unknown}


   Skills:
 - Level 3.3 Fighting
 - Level 8.1 Maces & Flails
 - Level 1.1 Throwing
 - Level 5.4 Dodging
 - Level 4.6 Stealth
 + Level 1.6 Evocations


You had 7 spell levels left.
You didn't know any spells.
Your spell library was empty.

Dungeon Overview and Level Annotations

Branches:
Dungeon (6/15)
 Temple: D:4-7

Altars:
Cheibriados
Okawaru
Sif Muna
Trog
Uskayaw
Wu Jian
Xom

Annotations:
D:4 exclusion: 2 gnolls
D:5 exclusion: steam dragon


Innate Abilities, Weirdness & Mutations

Your dull iron-grey scales are very hard. (AC +11)
You are amphibious.
You cannot fit into any form of body armour.
You are cold-blooded and may be slowed by cold attacks.
You have a pair of small horns on your head.
Your flesh is heat resistant. (rF+)
You are strong-willed. (Will+)
Your spells are a little easier to cast, but a little less powerful.


Message History

You punch the kobold brigand, but do no damage.
The kobold brigand is heavily wounded.
You feel very sick.
You hit the kobold brigand.
Your headbutt misses the kobold brigand.
The kobold brigand is heavily wounded.
You feel very sick.
The kobold brigand completely misses you.
You barely miss the kobold brigand. You tail-slap the kobold brigand.
The kobold brigand is severely wounded.
You feel very sick.
The kobold brigand hits you with a +1 short sword of venom!
You are more poisoned.
You are too injured to fight recklessly!
You are too injured to fight recklessly!
You hit the kobold brigand. You headbutt the kobold brigand.
The kobold brigand is severely wounded.
You feel very sick.
The kobold brigand hits you with a +1 short sword of venom.
You are lethally poisoned!
You sock the kobold brigand!
You kill the kobold brigand!
The Council accepts your kill.
* * * LOW HITPOINT WARNING * * *
You feel very sick.
Your Evocations skill increases to level 1!
* * * LOW HITPOINT WARNING * * *
You feel very sick.
Things that are here:
a +1 short sword of venom; 5 poisoned darts; a ring of poison resistance
* * * LOW HITPOINT WARNING * * *
You feel very sick.
* * * LOW HITPOINT WARNING * * *
You feel very sick.
* * * LOW HITPOINT WARNING * * *
You feel sick.
* * * LOW HITPOINT WARNING * * *
You feel sick.
It was a potion of magic.
Magic courses through your body.
You die...

#.# #.#
##....# #.#
#.# ####(#
#.###.# #.#
#.##..#######
#)#
#.#.()......#
#.#
#.))...####.#
#.# #.#....#
#.# #.#
#.#..###
#.####.#
..#.@#
#......#
####..#
########
....# ######


There were no monsters in sight!

Vanquished Creatures
  A necrophage (D:4)
  A black bear (D:4)
  3 ogres (D:4)
  A centaur (D:6)
  A kobold brigand (D:6)
  Blork the orc (D:6)
  A bullfrog (D:4)
  2 scorpions
  A wyvern skeleton (D:6)
  A water moccasin skeleton (D:5)
  2 centaur zombies (D:5)
  2 orc priests
  A jelly (D:5)
  2 orc wizards
  A hound skeleton (D:5)
  4 adders
  A shadow imp (D:5)
  2 ufetubi (D:5)
  A worm (D:2)
  2 dart slugs
  4 orcs
  5 bats
  9 endoplasms
  6 giant cockroaches
  6 goblins
  10 hobgoblins
  5 jackals
  2 quokkas
  8 ball pythons
  2 frilled lizards
  12 kobolds
  8 rats
108 creatures vanquished.

Notes
Turn   | Place    | Note
-------+----------+-------------------------------------------
     0 | D:5      | beenburned the Draconian Delver began the quest for the
                  | Orb.
     0 | D:5      | Reached XP level 1. HP: 19/19 MP: 1/1
    99 | D:4      | Noticed a scorpion
   115 | D:4      | Noticed an ogre
   118 | D:4      | Found a shimmering altar of Xom.
   146 | D:4      | Noticed a black bear
   148 | D:4      | Noticed an ogre
   200 | D:3      | Found an ornate altar of the Wu Jian Council.
   219 | D:3      | Became a worshipper of the Wu Jian Council
   371 | D:2      | Reached XP level 2. HP: 15/26 MP: 2/2
   412 | D:2      | Reached skill level 3 in Maces & Flails
   787 | D:1      | Reached XP level 3. HP: 26/31 MP: 3/3
   954 | D:1      | Reached * piety under Wu Jian
  1150 | D:1      | Gained mutation: Your flesh is heat resistant. (rF+)
                  | [potion of mutation]
  1150 | D:1      | Gained mutation: You have hidden genetic potential. [potion
                  | of mutation]
  1150 | D:1      | Gained mutation: Your spells are a little easier to cast,
                  | but a little less powerful. [potion of mutation]
  1459 | D:1      | Found a faded altar of an unknown god.
  1586 | D:2      | Reached skill level 4 in Maces & Flails
  1837 | D:2      | Reached XP level 4. HP: 37/38 MP: 4/4
  1955 | D:2      | Gained mutation: You have a pair of small horns on your
                  | head. [hidden potential]
  2867 | D:3      | Found a shimmering blue altar of Sif Muna.
  3011 | D:4      | Noticed an ogre
  3014 | D:4      | Reached skill level 5 in Maces & Flails
  3433 | D:4      | Noticed a bullfrog
  3445 | D:4      | Killed a bullfrog
  3446 | D:4      | Reached XP level 5. HP: 42/45 MP: 5/5
  3453 | D:4      | Gained mutation: You are strong-willed. (Will+) [hidden
                  | potential]
  3453 | D:4      | Lost mutation: You have hidden genetic potential. [hidden
                  | potential expressed]
  3491 | D:4      | Found a bloodstained altar of Trog.
  3566 | D:4      | Killed an ogre
  3567 | D:4      | Reached skill level 6 in Maces & Flails
  3567 | D:4      | Reached XP level 6. HP: 51/51 MP: 6/6
  3667 | D:4      | Reached skill level 7 in Maces & Flails
  3670 | D:4      | Found a hide-covered altar of Uskayaw.
  3695 | D:4      | Reached skill level 1 in Throwing
  4028 | D:4      | Your scales start taking on a dull iron-grey colour.
  4028 | D:4      | Reached XP level 7. HP: 35/57 MP: 4/7
  4214 | D:4      | Reached skill level 8 in Maces & Flails
  4727 | D:5      | Noticed a steam dragon
  5165 | D:5      | Reached ** piety under Wu Jian
  5284 | D:6      | Noticed Blork the orc
  5292 | D:6      | Killed Blork the orc
  5293 | D:6      | Reached XP level 8. HP: 61/63 MP: 6/8
  5373 | D:6      | Reached skill level 5 in Dodging
  5407 | D:6      | Found a snail-covered altar of Cheibriados.
  5855 | D:5      | Identified the +0 cloak of Generosity {+Inv rF++ MP+9
                  | Dex-3}
  6029 | D:5      | Found an iron altar of Okawaru.
  6238 | D:6      | Reached skill level 1 in Evocations
  6241 | D:6      | HP: 3/63 [poisoned by a kobold brigand]
  6242 | D:6      | HP: 1/63 [poisoned by a kobold brigand]
  6243 | D:6      | Succumbed to a kobold brigand's poison

Illustrated notes

Levels and vault maps discovered:
D:1:      dpeg_arrival_houses_and_road, layout_basic,
          hellmonk_ecumenical_altar_lost_god, minmay_pentomino_p4
D:2:      layout_basic
D:3:      layout_loops_corners, mainiacjoe_overflow_catwalk,
          lemuel_blue_sif_altar
D:4:      layout_loops_ring, mainiacjoe_overflow_boulevard, kennysheep_mini,
          eat_drink_and_be_merry_uskayaw
D:5:      kennysheep_steamy, layout_basic, mainiacjoe_overflow_24_doors,
          grunt_ministairs_14
D:6:      layout_loops_ring, lemuel_doored_altar, uniq_blork_the_orc

Skill      XL: |  1  2  3  4  5  6  7  8 |
---------------+-------------------------+-----
Maces & Flails | 3 4 5 6 7 8 |  8.1
Throwing       | 1 |  1.1
Dodging        | 4 5 |  5.4
Evocations     | 1 |  1.6
Fighting       | |  3.3
Stealth        | |  4.6

Action                   |  1- 3 |  4- 6 |  7- 9 || total
-------------------------+-------+-------+-------++-------
Melee: Mace              |   101 |    78 |   138 ||   317
       Tailslap          |     9 |    10 |    24 ||    43
       Headbutt          |       |    15 |    31 ||    46
       Punch             |       |       |     3 ||     3
Throw: Dart              |       |     6 |       ||     6
Invok: Lunge             |    17 |    13 |     9 ||    39
       Whirlwind         |       |     6 |    11 ||    17
 Abil: Wall Jump         |       |       |     1 ||     1
  Use: Scroll            |    10 |     3 |     3 ||    16
       Potion            |     2 |       |     3 ||     5
 Stab: Sleeping          |    14 |     6 |     4 ||    24
       Distracted        |       |       |     2 ||     2
Armor: Skin              |    28 |    23 |    61 ||   112
Dodge: Dodged            |    51 |    47 |    83 ||   181
